[Event "Titled Tuesday Blitz February 15 Early 2022"]
[White "Kozlov, Gennady"]
[Black "Sjugirov, Sanan"]
[WhiteFideId "4191668"]
[BlackFideId "4189302"]
[WhiteElo "2392"]
[BlackElo "2602"]
[Result "0-1"]
[Round "02"]
[TimeControl "180+1"]
[Date "2022.02.15"]
[WhiteClock "0:00:32"]
[BlackClock "0:00:10"]

1. d4 Nf6 2. c4 e6 3. Nf3 b6 4. g3 Ba6 5. Nbd2 Bb7 6. Bg2 c5 7. O-O cxd4 8. Nxd4 Bxg2 9. Kxg2 Qc8 10. b3 Be7 11. Bb2 O-O 12. e4 Qb7 13. Qe2 d6 14. Kg1 Nbd7 15. f4 a6 16. e5 dxe5 17. fxe5 Ne8 18. Qf3 Qxf3 19. N4xf3 Nc5 20. Bd4 Nc7 21. Bxc5 Bxc5+ 22. Kg2 Rfd8 23. Rad1 Be7 24. Ne4 b5 25. Nd4 Bf8 26. Nc6 Rxd1 27. Rxd1 bxc4 28. bxc4 Ne8 29. Nd6 f6 30. c5 Nc7 31. Rb1 Nd5 32. Rb7 fxe5 33. Nxe5 Nc3 34. a3 Na4 35. Nd7 Nxc5 36. Nxc5 Bxd6 37. Nxe6 g6 38. a4 Re8 39. Ng5 h6 40. Nf7 Bf8 41. g4 Re4 42. g5 hxg5 43. a5 Re7 44. Rxe7 Bxe7 45. Ne5 Kg7 46. Kf3 Kf6 47. Nc6 Bd6 48. h3 Kf5 49. Nd4+ Ke5 50. Nc2 Kd5 51. Kg4 Be7 52. Ne3+ Kd4 53. Nc2+ Kd3 54. Ne1+ Kc4 55. Nf3 Bf6 56. Nxg5 Kb5 57. Ne4 Be7 58. Nc3+ Kxa5 59. Nd5 Bd8 60. h4 Kb5 61. h5 gxh5+ 62. Kxh5 a5 63. Kg4 Kc4 64. Ne3+ Kb3 65. Kf3 a4 66. Nf1 a3 67. Nd2+ Kc2 0-1


[Site "https://www.chess.com"]

[Event "Titled Tuesday Blitz February 15 Early 2022"]
[White "Kraus, Tomas"]
[Black "Svidler, Peter"]
[WhiteFideId "331708"]
[BlackFideId "4102142"]
[WhiteElo "2389"]
[BlackElo "2725"]
[Result "0-1"]
[Round "02"]
[TimeControl "180+1"]
[Date "2022.02.15"]
[WhiteClock "0:00:03"]
[BlackClock "0:02:14"]

1. e4 c5 2. Nc3 d6 3. d4 cxd4 4. Qxd4 Nc6 5. Qd2 g6 6. b3 Bh6 7. f4 f5 8. Bb2 Nf6 9. exf5 Bxf5 10. Bb5 Qa5 11. Nd5 Qxd2+ 12. Kxd2 Nxd5 13. Bxc6+ bxc6 14. Bxh8 Bxf4+ 15. Ke2 e5 16. c4 Nc3+ 17. Kf2 Kf7 18. Ne2 Nxe2 19. Kxe2 Rxh8 20. Rhf1 h5 21. g3 Bh6 22. Rad1 Ke6 23. Kf2 d5 24. cxd5+ cxd5 25. b4 Rc8 26. a3 Rc2+ 27. Ke1 d4 28. Rf2 d3 0-1


[Site "https://www.chess.com"]

[Event "Titled Tuesday Blitz February 15 Early 2022"]
[White "Kretov, Evgenij"]
[Black "Deac, Bogdan-Daniel"]
[WhiteFideId "4167821"]
[BlackFideId "1226380"]
[WhiteElo "2303"]
[BlackElo "2646"]
[Result "0-1"]
[Round "02"]
[TimeControl "180+1"]
[Date "2022.02.15"]
[WhiteClock "0:00:09"]
[BlackClock "0:00:04"]

1. d4 Nf6 2. c4 e6 3. Nc3 Bb4 4. Bg5 c5 5. d5 exd5 6. cxd5 d6 7. e3 O-O 8. Bd3 Nbd7 9. Ne2 h6 10. Bh4 Ne5 11. O-O Ng6 12. Bg3 Nh5 13. Qc2 Nxg3 14. Nxg3 Ne5 15. Bf5 c4 16. f4 Nd7 17. e4 Re8 18. Rae1 Nc5 19. e5 dxe5 20. fxe5 Bxc3 21. bxc3 Qxd5 22. Bh7+ Kh8 23. Rd1 Qxe5 24. Rxf7 Bg4 25. Rdf1 Nd3 26. Bxd3 Qe3+ 27. Kh1 cxd3 28. Qa4 Be6 29. Rxb7 d2 30. Qh4 Rf8 31. Rbb1 Rad8 32. Rbd1 Qd3 33. Rxf8+ Rxf8 34. Qe7 Rf6 35. Qe8+ Kh7 36. Qa4 Rg6 37. Nf1 Bg4 38. Nxd2 Bxd1 39. Qxd1 Rd6 40. Qg4 Qxd2 41. Qf5+ Kg8 42. Qc8+ Rd8 43. Qe6+ Kh8 0-1


[Site "https://www.chess.com"]

[Event "Titled Tuesday Blitz February 15 Early 2022"]
[White "Kucuksari, Kaan"]
[Black "Niemann, Hans Moke"]
[WhiteFideId "6380166"]
[BlackFideId "2093596"]
[WhiteElo "2305"]
[BlackElo "2636"]
[Result "1-0"]
[Round "02"]
[TimeControl "180+1"]
[Date "2022.02.15"]
[WhiteClock "0:00:48"]
[BlackClock "0:00:16"]

1. d4 Nf6 2. c4 e6 3. g3 c5 4. d5 exd5 5. cxd5 d6 6. Nc3 g6 7. Nf3 Bg7 8. Bg2 O-O 9. O-O Re8 10. Bf4 h6 11. Qc1 g5 12. Be3 Bf5 13. h4 g4 14. Nd2 Kh7 15. Nc4 a6 16. Bf4 Bf8 17. a4 Nh5 18. e4 Bg6 19. f3 gxf3 20. Bxf3 Kg8 21. Bxh5 Bxh5 22. Bxh6 Nd7 23. Bxf8 Nxf8 24. Qh6 Bg6 25. h5 b5 26. hxg6 Nxg6 27. Rxf7 Kxf7 28. Rf1+ Kg8 29. Qxg6+ Kh8 30. Kg2 1-0


[Site "https://www.chess.com"]

[Event "Titled Tuesday Blitz February 15 Early 2022"]
[White "Kujawski, Adam"]
[Black "Bilan, Danila"]
[WhiteFideId "1100920"]
[BlackFideId "24161918"]
[WhiteElo "2053"]
[BlackElo "2164"]
[Result "1-0"]
[Round "02"]
[TimeControl "180+1"]
[Date "2022.02.15"]
[WhiteClock "0:00:09"]
[BlackClock "0:00:02"]

1. e4 c6 2. d4 d5 3. Nc3 dxe4 4. Nxe4 Bf5 5. Ng3 Bg6 6. h4 h6 7. Nf3 Nd7 8. h5 Bh7 9. Bd3 Bxd3 10. Qxd3 Qc7 11. Bd2 e6 12. O-O-O Bd6 13. Ne4 Ngf6 14. Nxd6+ Qxd6 15. g3 Qd5 16. c4 Qe4 17. Qxe4 Nxe4 18. Be3 O-O 19. Nd2 Nxd2 20. Rxd2 b5 21. cxb5 cxb5 22. d5 Nf6 23. dxe6 fxe6 24. Rd6 Kf7 25. Ra6 Rfc8+ 26. Kb1 Rc7 27. Rc1 Rd7 28. Rc5 b4 29. Rca5 Rc8 30. Rxa7 Ke7 31. Rxd7+ Nxd7 32. Rb5 Rc4 33. b3 Rg4 34. Bc5+ Kf7 35. Bxb4 Re4 36. Bc3 e5 37. Rb7 Ke6 38. a4 Re2 39. a5 Nc5 40. a6 Kd5 41. a7 1-0


[Site "https://www.chess.com"]

[Event "Titled Tuesday Blitz February 15 Early 2022"]
[White "Kurbonboeva, Sarvinoz"]
[Black "Bethke, Richard"]
[WhiteFideId "14201780"]
[BlackFideId "12959243"]
[WhiteElo "2054"]
[BlackElo "2442"]
[Result "1-0"]
[Round "02"]
[TimeControl "180+1"]
[Date "2022.02.15"]
[WhiteClock "0:00:13"]
[BlackClock "0:00:42"]

1. d4 Nf6 2. c4 e6 3. Nc3 d5 4. cxd5 exd5 5. Bg5 Be7 6. e3 c6 7. Bd3 Nbd7 8. Nge2 h6 9. Bh4 Nh5 10. Bxe7 Qxe7 11. O-O O-O 12. Ng3 Nxg3 13. hxg3 Nf6 14. Bc2 Ng4 15. Qd3 g6 16. Rae1 Qg5 17. f3 Bf5 18. e4 dxe4 19. Nxe4 Bxe4 20. Qxe4 Nf6 21. Qe5 Rfe8 22. Qxg5 hxg5 23. Kf2 Kg7 24. Rxe8 Rxe8 25. Re1 Rxe1 26. Kxe1 Nd5 27. Ke2 f5 28. a3 f4 29. gxf4 gxf4 30. Be4 Ne3 31. g3 g5 32. g4 Nc4 33. d5 Nd6 34. dxc6 bxc6 35. Bxc6 Nc4 36. b4 Nxa3 37. Kd3 Kf6 38. Kc3 Ke5 39. Kb3 Nb1 40. Kc2 Na3+ 41. Kb3 Nb1 42. Kc2 Na3+ 43. Kc3 a6 44. Bb7 Nb5+ 45. Kd3 Nd4 46. Be4 Ne6 47. Kc4 Kd6 48. Bb7 Nc7 49. Kd4 Ne6+ 50. Kc4 Nc7 51. Kd4 Ne6+ 52. Ke4 a5 53. bxa5 Nc5+ 54. Kf5 Nxb7 55. a6 Nd8 56. a7 Ne6 57. a8=Q Nd4+ 58. Kxg5 Ne2 59. Qa6+ Kd5 60. Qxe2 Kd4 61. Qe4+ Kc3 62. Kxf4 Kd2 63. Qc4 Ke1 64. Qc2 Kf1 65. Qd2 Kg1 66. Qe2 Kh1 67. Kg3 Kg1 68. Qg2# 1-0


[Site "https://www.chess.com"]

[Event "Titled Tuesday Blitz February 15 Early 2022"]
[White "Kuzmin, Roman"]
[Black "Goldin, Roman"]
[WhiteFideId "44134932"]
[BlackFideId "2803860"]
[WhiteElo "1978"]
[BlackElo "2312"]
[Result "1-0"]
[Round "02"]
[TimeControl "180+1"]
[Date "2022.02.15"]
[WhiteClock "0:00:33"]
[BlackClock "0:00:02"]

1. e4 Nc6 2. d4 e5 3. Nf3 exd4 4. Nxd4 g6 5. Nc3 Bg7 6. Be3 Nf6 7. f3 O-O 8. Bc4 Re8 9. O-O d5 10. Bxd5 Nxd5 11. Nxd5 Nxd4 12. Bxd4 Bxd4+ 13. Qxd4 Re6 14. e5 Kg7 15. Rad1 c6 16. Nf4 Qxd4+ 17. Rxd4 Rxe5 18. Rd8 b6 19. Rfd1 Bb7 20. R8d7 Bc8 21. Rc7 Bf5 22. Rxc6 Rae8 23. g4 Be6 24. Kf2 Bxa2 25. b3 Ra5 26. Ra1 Ree5 27. Nd3 Red5 28. Nb4 Rd2+ 29. Ke3 Rxh2 30. Rxa2 Re5+ 31. Kf4 f6 32. Rxa7+ Kh6 33. Rxf6 Rhe2 34. Rff7 g5+ 35. Kg3 1-0


[Site "https://www.chess.com"]

[Event "Titled Tuesday Blitz February 15 Early 2022"]
[White "Kuznecovs, Nikita"]
[Black "Kamsky, Gata"]
[WhiteFideId "11604557"]
[BlackFideId "2000024"]
[WhiteElo "2127"]
[BlackElo "2645"]
[Result "0-1"]
[Round "02"]
[TimeControl "180+1"]
[Date "2022.02.15"]
[WhiteClock "0:00:01"]
[BlackClock "0:00:30"]

1. Nf3 Nf6 2. d4 g6 3. Bf4 Bg7 4. e3 d6 5. Be2 O-O 6. h3 b6 7. O-O Bb7 8. Bh2 Nbd7 9. Nc3 e6 10. Re1 Ne4 11. Nxe4 Bxe4 12. Nd2 Bb7 13. Bf3 Qc8 14. c3 Bxf3 15. Qxf3 f5 16. e4 f4 17. a4 e5 18. Nb3 a5 19. Rad1 h5 20. Qd3 Kh7 21. f3 Qe8 22. Kf1 g5 23. Ke2 Qf7 24. Qc2 Qc4+ 25. Kd2 Qxa4 26. Kc1 Qb5 27. dxe5 dxe5 28. Rd5 Qc6 29. Red1 Rf7 30. h4 g4 31. fxg4 hxg4 32. Qe2 g3 33. Bg1 a4 34. Na1 a3 35. bxa3 Qxc3+ 36. Kb1 Rxa3 37. Qb2 Nf6 38. Qxc3 Rxc3 39. Rxe5 Rc4 40. Rf5 Rxe4 41. Nc2 Kg8 42. Rd8+ Re8 43. Rd3 Ne4 44. Rxf7 Kxf7 45. Rd7+ Re7 46. Rd8 Nc3+ 47. Kb2 Ne2+ 0-1


[Site "https://www.chess.com"]

[Event "Titled Tuesday Blitz February 15 Early 2022"]
[White "Lauridsen, Jesper Morch"]
[Black "Baches Garcia, Guillermo"]
[WhiteFideId "1401890"]
[BlackFideId "2209764"]
[WhiteElo "2195"]
[BlackElo "2465"]
[Result "1/2-1/2"]
[Round "02"]
[TimeControl "180+1"]
[Date "2022.02.15"]
[WhiteClock "0:00:16"]
[BlackClock "0:00:17"]

1. e4 c5 2. Nf3 d6 3. d4 cxd4 4. Nxd4 Nf6 5. Nc3 Nc6 6. Bc4 Bd7 7. Be3 Ng4 8. O-O Nxe3 9. fxe3 Ne5 10. Qh5 e6 11. Bxe6 Bxe6 12. Nxe6 g6 13. Qxe5 dxe5 14. Nxd8 Rxd8 15. Nd5 Bc5 16. Nf6+ Kf8 17. Nd5 Kg7 18. c3 f5 19. b4 fxe4 20. c4 Bb6 21. Nxb6 axb6 22. Rad1 Rd3 23. Rxd3 exd3 24. e4 Rd8 25. Kf2 Rd4 26. Ke3 Rxc4 27. a3 Rc3 28. Rd1 Rxa3 29. Rxd3 Rxd3+ 30. Kxd3 b5 31. h4 h5 32. Ke3 Kf6 33. Kf3 g5 34. g3 g4+ 35. Ke3 Ke6 36. Kd3 Kd6 37. Kc3 Kc6 38. Kb3 Kb6 39. Kc3 Kc6 40. Kb3 Kd6 41. Kc3 Ke7 42. Kd3 Kd8 43. Ke3 Kc7 44. Kd3 Kd6 45. Kc3 1/2-1/2


[Site "https://www.chess.com"]

[Event "Titled Tuesday Blitz February 15 Early 2022"]
[White "Le, Tuan Minh"]
[Black "Vaishali, Rameshbabu"]
[WhiteFideId "12401153"]
[BlackFideId "5091756"]
[WhiteElo "2450"]
[BlackElo "2343"]
[Result "1-0"]
[Round "02"]
[TimeControl "180+1"]
[Date "2022.02.15"]
[WhiteClock "0:00:10"]
[BlackClock "0:00:08"]

1. d4 Nf6 2. Nf3 d5 3. Bf4 c5 4. c3 Nc6 5. e3 Qb6 6. Qc2 g6 7. Nbd2 Bg7 8. Be2 O-O 9. O-O Bf5 10. dxc5 Qxc5 11. Qb3 Nh5 12. Bg5 h6 13. Bh4 g5 14. Bg3 Nxg3 15. hxg3 Rab8 16. Rfd1 e5 17. Rac1 Be6 18. Qa4 b5 19. Qc2 f5 20. b4 Qe7 21. Nb3 g4 22. Nh4 Qf6 23. Nc5 Ne7 24. a4 bxa4 25. Qxa4 f4 26. exf4 exf4 27. Kh2 Ng6 28. Nxg6 Qxg6 29. Qa6 Rf6 30. Qxa7 Rbf8 31. Qe7 fxg3+ 32. fxg3 Qh5+ 33. Kg1 Qe5 34. Bxg4 Qxg3 35. Nxe6 R8f7 36. Qe8+ Kh7 37. Bh3 Qf2+ 38. Kh1 Rg6 39. Nxg7 Rfxg7 40. Rg1 Qh4 41. Qe3 Rg3 42. Qe6 R7g6 43. Qf5 Rg5 44. Qf7+ Rg7 45. Qf3 Rg3 46. Qf5+ Kh8 47. Rce1 Rg8 48. Qe5+ Kh7 49. Qf5+ Kh8 50. Re6 d4 51. Qf6+ Qxf6 52. Rxf6 dxc3 53. Rxh6+ Kg7 54. Rc6 Rb8 55. Rc4 Kf6 56. Kh2 Rd3 57. Rc1 Ke5 58. R4xc3 Rxc3 59. Rxc3 Rxb4 60. Rf3 Rb2 61. Kg3 Rb1 62. Kh4 Rb8 63. g4 Rh8+ 64. Kg3 Ke4 65. Rf1 Ke3 66. g5 Rh5 67. Kg4 Rh8 68. g6 1-0


[Site "https://www.chess.com"]

[Event "Titled Tuesday Blitz February 15 Early 2022"]
[White "Liyanage, Ranindu Dilshan"]
[Black "Ponkratov, Pavel"]
[WhiteFideId "9915834"]
[BlackFideId "4157800"]
[WhiteElo "1858"]
[BlackElo "2487"]
[Result "1-0"]
[Round "02"]
[TimeControl "180+1"]
[Date "2022.02.15"]
[WhiteClock "0:00:10"]
[BlackClock "0:00:35"]

1. e4 e5 2. Nf3 d6 3. d4 exd4 4. Nxd4 Nf6 5. Nc3 g6 6. g3 Bg7 7. Bg2 O-O 8. O-O Re8 9. Re1 Nbd7 10. Nb3 Rb8 11. a4 b6 12. h3 Bb7 13. a5 Nc5 14. Nxc5 bxc5 15. Bg5 Qc8 16. Qd2 Bc6 17. b3 Rb4 18. e5 Bxg2 19. Kxg2 Rd4 20. Qc1 dxe5 21. Be3 a6 22. Bxd4 cxd4 23. Ne4 Qb7 24. f3 Nd5 25. Qd2 f5 26. Nf2 c5 27. Qd3 Qc6 28. Re2 h6 29. Rae1 Kh7 30. Kg1 Nc3 31. g4 Nxe2+ 32. Rxe2 Rf8 33. Nh1 fxg4 34. fxg4 Rf3 35. Qe4 Qxe4 36. Rxe4 Rxh3 37. Nf2 Rc3 38. Re2 c4 39. Ne4 Rf3 40. bxc4 Ra3 41. c5 Rxa5 42. c6 Ra4 43. Nd6 Ra1+ 44. Kg2 Rc1 45. c7 d3 46. Rf2 Rxc2 47. Rxc2 e4 48. c8=Q e3 49. Qc4 e2 50. Rxe2 dxe2 51. Qxe2 1-0


[Site "https://www.chess.com"]

[Event "Titled Tuesday Blitz February 15 Early 2022"]
[White "Ljukin, Sergei"]
[Black "Bongo Akanga Ndjila, Barthelemy"]
[WhiteFideId "14102200"]
[BlackFideId "10609431"]
[WhiteElo "2312"]
[BlackElo "1803"]
[Result "1-0"]
[Round "02"]
[TimeControl "180+1"]
[Date "2022.02.15"]
[WhiteClock "0:01:42"]
[BlackClock "0:01:03"]

1. e4 g6 2. d4 d6 3. Nc3 Bg7 4. f4 c6 5. Nf3 Bg4 6. Be3 b5 7. h3 Bxf3 8. Qxf3 Nf6 9. Bd3 b4 10. Ne2 O-O 11. O-O a5 12. c4 Qc7 13. e5 Nfd7 14. Rad1 c5 15. Be4 Ra7 16. exd6 exd6 17. f5 cxd4 18. Nxd4 Ra6 19. b3 Nc5 20. Bd5 Be5 21. Bh6 Bg7 22. Bxg7 Kxg7 23. f6+ Kg8 24. Qf4 Kh8 25. Qh6 Rg8 26. Rf4 Nbd7 27. Qxh7+ Kxh7 28. Rh4# 1-0


[Site "https://www.chess.com"]

[Event "Titled Tuesday Blitz February 15 Early 2022"]
[White "Lohani, Sujana"]
[Black "Aaditya Dhingra"]
[WhiteFideId "12311987"]
[BlackFideId "25678191"]
[WhiteElo "1691"]
[BlackElo "1789"]
[Result "0-1"]
[Round "02"]
[TimeControl "180+1"]
[Date "2022.02.15"]
[WhiteClock "0:00:45"]
[BlackClock "0:01:09"]

1. d4 Nf6 2. Nf3 g6 3. c4 Bg7 4. Nc3 d5 5. cxd5 Nxd5 6. e4 Nxc3 7. bxc3 c5 8. Be3 Nc6 9. h3 Qa5 10. Qd2 O-O 11. Be2 Rd8 12. O-O cxd4 13. cxd4 Qxd2 14. Nxd2 Nxd4 15. Bxd4 Rxd4 16. Rad1 Be6 17. a3 Rad8 18. Nf3 Rxd1 19. Rxd1 Rxd1+ 20. Bxd1 Bc4 21. Nd2 Bd3 22. Bb3 b5 23. f3 Bd4+ 24. Kh2 a5 25. Bd5 a4 26. g3 Bc5 27. e5 e6 28. Bc6 Bxa3 29. Ne4 Bb2 30. Nf6+ Kg7 31. f4 a3 32. Ne8+ Kf8 33. Nd6 a2 34. Nxb5 Bxb5 35. Bxb5 a1=Q 0-1


[Site "https://www.chess.com"]

[Event "Titled Tuesday Blitz February 15 Early 2022"]
[White "Lopez Mulet, Inigo"]
[Black "Hoffmann, Asa"]
[WhiteFideId "22235620"]
[BlackFideId "2001470"]
[WhiteElo "2315"]
[BlackElo "2117"]
[Result "0-1"]
[Round "02"]
[TimeControl "180+1"]
[Date "2022.02.15"]
[WhiteClock "0:01:28"]
[BlackClock "0:01:28"]

1. Nf3 d6 2. b3 e5 3. Bb2 Nf6 4. g3 Be7 5. Bg2 c6 6. O-O O-O 7. d3 h6 8. Nbd2 Be6 9. a4 Qd7 10. a5 Bh3 11. Re1 Bxg2 12. Kxg2 Na6 13. c4 Rfe8 14. Bc3 Nc7 15. Qc2 Rac8 16. Qb2 a6 17. Nb1 Bf8 18. Bd2 e4 19. Nd4 c5 20. Nc2 d5 21. Nc3 exd3 22. exd3 d4 23. Na4 Bd6 24. Rxe8+ Rxe8 25. Re1 Ne6 26. Nb6 Qc6+ 27. f3 Bc7 28. Na4 Ng5 29. Rxe8+ Qxe8 30. Bxg5 Qe2+ 31. Kh3 Qf1+ 32. Kh4 hxg5+ 33. Kxg5 Qxf3 34. h3 Qh5# 0-1


[Site "https://www.chess.com"]

[Event "Titled Tuesday Blitz February 15 Early 2022"]
[White "Loy, Konstantin"]
[Black "Boruchovsky, Avital"]
[WhiteFideId "14122499"]
[BlackFideId "2800055"]
[WhiteElo "2084"]
[BlackElo "2469"]
[Result "0-1"]
[Round "02"]
[TimeControl "180+1"]
[Date "2022.02.15"]
[WhiteClock "0:00:06"]
[BlackClock "0:01:07"]

1. e4 c6 2. d4 d5 3. exd5 cxd5 4. c4 Nf6 5. Nc3 Nc6 6. Bg5 dxc4 7. Bxc4 e6 8. Nf3 Be7 9. O-O O-O 10. a3 b6 11. Qd3 Bb7 12. Rac1 Nd5 13. Be3 Nxc3 14. bxc3 Bxa3 15. Ra1 Be7 16. Bb3 Bf6 17. Bc2 g6 18. Bh6 Re8 19. Rfd1 Ne7 20. c4 Nf5 21. Be3 Bxf3 22. gxf3 Qc7 23. Ba4 Red8 24. Rac1 Nxd4 25. Bxd4 Rxd4 26. Qe2 Rad8 27. Rxd4 Rxd4 28. Bb5 Rh4 0-1


[Site "https://www.chess.com"]

[Event "Titled Tuesday Blitz February 15 Early 2022"]
[White "Makarian, Rudik"]
[Black "Sadovsky, Artem"]
[WhiteFideId "44105681"]
[BlackFideId "4155840"]
[WhiteElo "2486"]
[BlackElo "2369"]
[Result "1/2-1/2"]
[Round "02"]
[TimeControl "180+1"]
[Date "2022.02.15"]
[WhiteClock "0:00:04"]
[BlackClock "0:00:11"]

1. d4 g6 2. c4 Bg7 3. Nc3 d6 4. Nf3 e5 5. dxe5 dxe5 6. Qxd8+ Kxd8 7. g3 f6 8. Bg2 c6 9. O-O Be6 10. Rd1+ Nd7 11. Be3 Kc7 12. b4 Bh6 13. Rac1 Bxe3 14. fxe3 Ne7 15. Nd2 a5 16. b5 Nc5 17. Nde4 Nxe4 18. Nxe4 Rhf8 19. Rd6 Bf5 20. Rxf6 Bxe4 21. Rxf8 Rxf8 22. Bxe4 Rd8 23. Rf1 cxb5 24. cxb5 Kb6 25. Rf6+ Kxb5 26. Bxb7 Nf5 27. Re6 Rd1+ 28. Kf2 Ra1 29. Rxe5+ Kb4 30. Bd5 a4 31. Bg8 Nd6 32. Re6 Nb5 33. Bxh7 Rxa2 34. Bxg6 a3 35. Ra6 Nc3 36. h4 Rxe2+ 37. Kf3 a2 38. Bf7 Rc2 39. h5 Na4 40. Bxa2 Rxa2 41. h6 Rh2 42. g4 Nc5 43. Rb6+ Ka5 44. Rc6 Kb5 45. Rf6 Rh3+ 46. Kf4 Nd3+ 47. Ke4 Kc4 48. g5 Nc5+ 49. Kf5 Kd5 50. Kg6 Ne4 51. Rf8 Rg3 52. h7 Rxg5+ 53. Kh6 Rg3 54. Rf5+ Ke6 55. Rh5 Kf7 56. Rf5+ Ke6 57. Rf4 Rh3+ 58. Kg7 Nd6 59. h8=Q Nf5+ 60. Kg8 Rxh8+ 61. Kxh8 Ke5 62. Ra4 Nxe3 63. Kg7 Nd5 64. Kg6 Ke6 65. Re4+ Kd6 66. Re1 Nc7 67. Kf5 Nd5 68. Rd1 Kc5 69. Ke5 Nc3 70. Rd8 Kc4 71. Rc8+ Kd3 72. Rc5 Ne2 73. Rd5+ Ke3 74. Ra5 Kd3 75. Ra4 Nc3 76. Rd4+ Ke3 77. Rd8 Ne2 78. Rh8 Kf3 79. Rh3+ Ng3 80. Rh4 Ke3 81. Ra4 Kf3 82. Ra3+ Kg4 83. Re3 Nh5 84. Re1 Ng3 85. Re3 Nh5 86. Ra3 Ng3 87. Ra2 Kf3 88. Ra3+ Kg4 1/2-1/2


[Site "https://www.chess.com"]

[Event "Titled Tuesday Blitz February 15 Early 2022"]
[White "Mamedyarov, Shakhriyar"]
[Black "Nazari, Arad"]
[WhiteFideId "13401319"]
[BlackFideId "12577324"]
[WhiteElo "2769"]
[BlackElo "2120"]
[Result "1-0"]
[Round "02"]
[TimeControl "180+1"]
[Date "2022.02.15"]
[WhiteClock "0:00:37"]
[BlackClock "0:00:06"]

1. c4 c5 2. g3 Nc6 3. Bg2 g6 4. Nc3 Bg7 5. Nf3 e5 6. O-O Nge7 7. Rb1 O-O 8. a3 Rb8 9. b4 cxb4 10. axb4 a6 11. b5 axb5 12. Nxb5 d5 13. cxd5 Nxd5 14. Ba3 Re8 15. Nd6 Bf8 16. Nxe8 Bxa3 17. Qb3 Be7 18. Nxe5 Nxe5 19. Qxd5 Qxd5 20. Bxd5 Bf5 21. Nc7 Bxb1 22. Rxb1 b6 23. d4 Nd7 24. Nb5 Nf6 25. Bb3 Ne4 26. Rc1 Nd6 27. Nxd6 Bxd6 28. e4 b5 29. e5 Be7 30. Rc7 Kf8 31. d5 Bd8 32. Ra7 Bb6 33. Ra6 Bd4 34. e6 fxe6 35. dxe6 Ke7 36. Kg2 b4 37. Rc6 Be5 38. f4 Bd6 39. Ra6 Rc8 40. Rb6 Rc3 41. Bd5 Rc2+ 42. Kf3 Rc5 43. Ke4 Rc7 44. g4 h6 45. h4 Rc1 46. f5 gxf5+ 47. gxf5 Re1+ 48. Kf3 Re5 49. f6+ Kxf6 50. Rxd6 Re1 51. Rb6 Rd1 52. Ke4 Re1+ 53. Kd4 Rd1+ 54. Kc5 Rc1+ 55. Bc4 Rh1 56. Rxb4 Rxh4 57. Rb7 Rh1 58. Rf7+ Kg6 59. Bd3+ Kg5 60. e7 Re1 61. Bb5 h5 1-0


[Site "https://www.chess.com"]

[Event "Titled Tuesday Blitz February 15 Early 2022"]
[White "Maranhao,Jose Renato Ruiz"]
[Black "Ferreira, Vitor Hugo Vieira"]
[WhiteFideId "2135175"]
[BlackFideId "2119765"]
[WhiteElo "1970"]
[BlackElo "2216"]
[Result "0-1"]
[Round "02"]
[TimeControl "180+1"]
[Date "2022.02.15"]
[WhiteClock "0:00:03"]
[BlackClock "0:01:17"]

1. e4 c5 2. d4 cxd4 3. c3 dxc3 4. Nxc3 e6 5. Nf3 a6 6. Bc4 Nc6 7. O-O Nge7 8. Bg5 f6 9. Be3 Ng6 10. Re1 Qa5 11. a3 b5 12. b4 Qc7 13. Bd5 Bb7 14. Rc1 Bd6 15. Bb3 O-O 16. h4 Kh8 17. h5 Nge5 18. Nd4 Nxd4 19. Bxd4 Nc6 20. h6 gxh6 21. Nd5 exd5 22. exd5 Be5 23. dxc6 Bxc6 24. Re3 Rg8 25. g3 Rg5 26. Bxe5 Rxe5 27. Qg4 Rxe3 28. fxe3 Qe5 29. Rf1 Qxe3+ 30. Kh2 Qd2+ 31. Kh3 Bg2+ 32. Kh4 Qg5+ 33. Qxg5 hxg5+ 0-1


[Site "https://www.chess.com"]

[Event "Titled Tuesday Blitz February 15 Early 2022"]
[White "Martin Carmona, Gaston Manuel"]
[Black "Bhagwat, Vinod"]
[WhiteFideId "22284567"]
[BlackFideId "5005949"]
[WhiteElo "2161"]
[BlackElo "2115"]
[Result "0-1"]
[Round "02"]
[TimeControl "180+1"]
[Date "2022.02.15"]
[WhiteClock "0:00:14"]
[BlackClock "0:00:04"]

1. e4 c6 2. d4 d5 3. exd5 cxd5 4. Bd3 Nc6 5. c3 Qc7 6. Ne2 Bg4 7. O-O e6 8. f3 Bh5 9. Qe1 Bd6 10. Qh4 Bg6 11. Bxg6 fxg6 12. Nf4 Bxf4 13. Bxf4 Qf7 14. Na3 a6 15. Rfe1 Nge7 16. Nc2 O-O 17. Be5 Nf5 18. Qh3 Rfe8 19. g4 Nfe7 20. Qg3 g5 21. Re2 Ng6 22. Bd6 Rac8 23. Rae1 Nh4 24. Re3 Rcd8 25. R1e2 Ng6 26. Ne1 Nf4 27. Be5 Nxe2+ 28. Rxe2 Nxe5 29. Qxe5 Re7 30. Qxg5 Rf8 31. Kg2 Qf6 32. Qe5 Qxe5 33. Rxe5 Kf7 34. Nd3 Rc7 35. f4 g6 36. Nc5 Re8 37. f5 exf5 38. Rxd5 fxg4 39. Kf2 Rce7 40. b4 Re2+ 41. Kg3 b6 42. Nxa6 R8e3+ 43. Kxg4 Rxc3 44. h4 h5+ 45. Kg5 Rg3+ 46. Kh6 Rxa2 47. Nc7 Rg4 48. Rd7+ Kf6 49. d5 Rxh4 50. Ne8+ Kf5 51. Rf7+ Ke4 52. d6 Rd2 53. d7 Rg4 54. Nf6+ Ke5 55. Nh7 Ke6 56. Rg7 Rxd7 57. Nf8+ Kf5 58. Nxd7 h4 59. Nxb6 h3 60. Rh7 Rh4+ 61. Kg7 Rxh7+ 62. Kxh7 h2 63. Kg7 h1=Q 64. Nd7 Qb7 0-1


[Site "https://www.chess.com"]

[Event "Titled Tuesday Blitz February 15 Early 2022"]
[White "Matinian, Nikita"]
[Black "Kalogridis, Antonios"]
[WhiteFideId "24129100"]
[BlackFideId "25833901"]
[WhiteElo "2422"]
[BlackElo "1495"]
[Result "1-0"]
[Round "02"]
[TimeControl "180+1"]
[Date "2022.02.15"]
[WhiteClock "0:02:15"]
[BlackClock "0:01:42"]

1. e4 c6 2. Nc3 d5 3. Nf3 Nf6 4. e5 Ne4 5. d4 Nxc3 6. bxc3 c5 7. c4 cxd4 8. Qxd4 e6 9. cxd5 exd5 10. Bb5+ Nc6 11. O-O Be6 12. Ng5 a6 13. Bxc6+ bxc6 14. Nxe6 fxe6 15. c4 c5 16. Qg4 Qd7 17. cxd5 exd5 18. e6 Qe7 19. Qa4+ Kd8 20. Bg5 1-0


[Site "https://www.chess.com"]

[Event "Titled Tuesday Blitz February 15 Early 2022"]
[White "Matlakov, Maxim"]
[Black "Vlassov, Nikolai"]
[WhiteFideId "4168003"]
[BlackFideId "4103360"]
[WhiteElo "2661"]
[BlackElo "2407"]
[Result "0-1"]
[Round "02"]
[TimeControl "180+1"]
[Date "2022.02.15"]
[WhiteClock "0:00:11"]
[BlackClock "0:00:34"]

1. e4 Nc6 2. Nf3 d5 3. exd5 Qxd5 4. d4 Bg4 5. Be2 O-O-O 6. c4 Qh5 7. O-O e5 8. h3 Nf6 9. d5 e4 10. hxg4 Nxg4 11. Bf4 exf3 12. Bxf3 f5 13. Nc3 Bd6 14. Bxg4 fxg4 15. Bg3 Ne5 16. Qd4 b6 17. Ne4 Rhf8 18. c5 bxc5 19. Nxd6+ cxd6 20. Qa4 Rf6 21. Bxe5 dxe5 22. Rac1 Rxd5 23. Rfd1 Rh6 24. Rxc5+ Rxc5 25. Qd7+ Kb8 26. Qd8+ Kb7 27. Qe7+ Rc7 28. Qb4+ Rb6 29. Qe4+ Rcc6 30. Rd7+ Kc8 31. Rd1 g3 32. fxg3 Qxd1+ 0-1


[Site "https://www.chess.com"]